 Dungeon Crawl Stone Soup version 0.29.1-12-g30fa7ad0bf (webtiles) character file.

Game seed: 520734850544767114

205330 Rrauwl the Executioner (level 18, -17/168 HPs)
             Began as a Hill Orc Berserker on Dec 21, 2022.
             Was an Elder of Trog.
             Demolished by a ghoul (25 damage)
             ... on level 1 of the Swamp.
             The game lasted 01:43:18 (23563 turns).

Rrauwl the Executioner (Hill Orc Berserker)        Turns: 23563, Time: 01:43:18

Health: -17/168    AC:  0    Str: 26    XL:     18   Next: 68%
Magic:  18/18      EV: 15    Int: 10    God:    Trog [****..]
Gold:   2578       SH:  0    Dex: 12    Spells: 17/17 levels left

rFire   . . .      SeeInvis .   (weapon currently unavailable)
rCold   . . .      Faith    .   (shield currently unavailable)
rNeg    . . .      Spirit   .   (body armour currently unavailable)
rPois   .          Reflect  .   (helmet currently unavailable)
rElec   +          Harm     .   (cloak currently unavailable)
rCorr   .          Rampage  .   (gloves currently unavailable)
Will    +....      Clarity  +   (boots currently unavailable)
Stlth   ++........              S - amulet of the King {rElec Regen+ Int+3 Stlth+}
HPRegen 1.18/turn               (ring currently unavailable)
MPRegen 0.16/turn               (ring currently unavailable)

@: lethally poisoned (-17 -> -24), pig-form, on berserk cooldown, slowed
A: fast, no casting, small, clarity, MP-powered wands
}: 1/15 runes: gossamer
a: Renounce Religion, Berserk, Trog's Hand, Brothers in Arms


You were on level 1 of the Swamp.
You worshipped Trog.
Trog was greatly pleased with you.
You were a filthy swine.
You visited 5 branches of the dungeon, and saw 26 of its levels.
You also visited: Ice Cave.

You collected 3855 gold pieces.
You spent 1277 gold pieces at shops.

Inventory:

Hand Weapons
 a - the +9 broad axe of Ancient Evil (melded) {flame, Fly rPois rF+}
   (You bought it in a shop on level 12 of the Dungeon)

   It burns those it strikes, dealing additional fire damage.
   Big, fiery blades are also staple armaments of hydra-hunters.
   rF:        It protects you from fire.
   rPois:     It protects you from poison.
   Fly:       It grants you flight.
 Q - a +5 antimagic broad axe
Missiles
 f - 6 throwing nets (quivered)
 t - 8 curare-tipped darts
Armour
 c - a +2 cloak of willpower (melded)
 o - the +2 pair of gloves of the Pleiades (melded) {-Cast rPois rN++ Regen+}
   (You acquired it on level 4 of the Dungeon)

   rPois:     It protects you from poison.
   rN:        It greatly protects you from negative energy.
   -Cast:     It prevents spellcasting.
   Regen:     It increases your rate of health regeneration.
 p - a +0 pair of boots (melded)
 u - a +1 helmet (melded)
 C - +3 gold dragon scales (melded)
 O - a +0 kite shield (melded)
Jewellery
 e - an amulet of reflection
 l - a ring of willpower
 r - a ring of see invisible (melded)
 x - the ring of Homunu {rPois rF+ MP+9}
   (You found it in an ice cave)

   [ring of magical power]

   rF:        It protects you from fire.
   rPois:     It protects you from poison.
   MP:        It affects your magic capacity (+9).
 y - the ring "Ypink" (melded) {AC+4 Str+4}
   (You found it on level 12 of the Dungeon)

   [ring of protection]

   AC:        It affects your AC (+4).
   Str:       It affects your strength (+4).
 G - a ring of resist corrosion
 S - the amulet of the King (around neck) {rElec Regen+ Int+3 Stlth+}
   (You found it in an ice cave)

   [amulet of regeneration]

   Int:       It affects your intelligence (+3).
   rElec:     It insulates you from electricity.
   Regen:     It increases your rate of health regeneration.
   Stlth:     It makes you more stealthy.
Wands
 i - a wand of mindburst (9)
 k - a wand of charming (10)
 H - a wand of iceblast (11)
 L - a wand of flame (29)
 P - a wand of light (9)
Scrolls
 h - 19 scrolls of teleportation
 m - 4 scrolls of fear
 s - 6 scrolls of poison
 w - a scroll of fog
 E - 3 scrolls of summoning
Potions
 b - a potion of berserk rage
 g - 9 potions of ambrosia
 v - 2 potions of heal wounds
 z - 3 potions of lignification
 D - a potion of invisibility
 I - 2 potions of cancellation
 J - 9 potions of curing
 K - 2 potions of mutation
 N - 3 potions of resistance
Miscellaneous
 d - a lightning rod (4/4)
 q - a tin of tremorstones (2/2)
 M - a box of beasts


   Skills:
 + Level 16.4 Fighting
 - Level 24.0 Axes
 - Level 18.0 Armour
 - Level 3.0 Dodging
 + Level 16.1 Shields
 + Level 8.5 Evocations


You had 17 spell levels left.
You didn't know any spells.
Your spell library was empty.

Dungeon Overview and Level Annotations

Branches:
Dungeon (15/15)            Temple (1/1) D:6            Lair (5/5) D:10
  Swamp (1/4) Lair:3       Spider (4/4) Lair:2        Slime (0/5) Lair:4
    Orc (0/2) D:12         Vaults (0/5) D:13         Depths (0/4) D:15
  IceCv (visited)

Altars:
Ashenzari
Cheibriados
Dithmenos
Elyvilon
Fedhas
Gozag
Hepliaklqana
Kikubaaqudgha
Makhleb
Nemelex Xobeh
Okawaru
Qazlal
Ru
Sif Muna
Trog
Uskayaw
Vehumet
Wu Jian
Xom
Yredelemnul
Zin
The Shining One
Jiyva

Shops:
D:2 [   D:10 *   D:12 (

Annotations:
Swamp:1 Kirke


Innate Abilities, Weirdness & Mutations

You are a filthy swine.
You move quickly.
Your equipment is almost entirely melded.
You are incapable of wielding weapons or throwing items.
You cannot cast spells.
You possess an exceptional clarity of mind.
You expend magic power (3 MP) to strengthen your wands.


Message History

The eleionoma prays for help.
Found a spear.
You feel sick.
The eleionoma cowers, then darts away.
You feel sick.
You feel better. The ghoul claws you!
* * * LOW HITPOINT WARNING * * *
The ghoul barely misses you.
Your ogre goes berserk!
The ghoul closely misses you. The ghoul claws you.
* * * LOW HITPOINT WARNING * * *
You see here a +0 spear.
Your ogre barely misses the ghoul.
You swap places.
Something claws your ogre! Something barely misses your ogre.
The hog bites your ogre.
The swamp dragon breathes poison at you.
The blast of poison engulfs you!
You are poisoned.
* * * LOW HITPOINT WARNING * * *
Your ogre is engulfed in poison gas.
Your ogre is poisoned.
Your ogre hits the hog with a +0 giant club.
You hear an angry squeal.
Okay, then.
You feel better.
You are engulfed in poison gas.
You are poisoned.
* * * LOW HITPOINT WARNING * * *
You feel very sick.
The eleionoma looks more healthy.
The hog bites your ogre! Something claws your ogre!!
Your ogre dies!
Your ogre's corpse disappears in a puff of smoke!
As you read the scroll of summoning, it crumbles to dust.
Wisps of shadow whirl around you...
You are engulfed in poison gas.
You are more poisoned.
* * * LOW HITPOINT WARNING * * *
You feel extremely sick. The ghoul claws you!
* * * LOW HITPOINT WARNING * * *
The ghoul claws you!!
You die...

~♣...~...~.
.~~.n...♣~..~~..♣
.$.....).[...~.♣♣♣
.....~~.~~...~..♣♣
....~.....~.....♣♣
..~{...~~○y..~~.♣♣
.....♣♣~.○○○...~♣ .
#..§♣♣...♣h♣.♣ #. #h♣
♣♣n♣n○y.♣♣ ..##°##h♣♣
♣~)hDF☼.§♣
...°.†.○h♣♣♣♣.~°~.§♣♣
..}.......♣♣♣♣.~.~♣♣
#.###.....~hn.~~.♣♣
♣♣♣ #°.~~♣~~R..♣♣♣
♣.♣ #.#.♣~.RD~...♣
♣♣†♣♣ ...~~~~)~~...♣♣
♣.†<♣


You could see a ghoul (ally target), an eleionoma, a swamp dragon (catching
breath), a hog, a friendly goliath frog (summoned) and 2 friendly vampire
mosquitoes.

Vanquished Creatures
  A golden dragon (IceCv)
  Arachne (Spider:2)
  Mlioglotl (Spider:2)
  Jorgrun (Spider:1)
  A fire giant (D:15)
  2 emperor scorpions
  7 ghost moths
  3 ghouls (Swamp:1)
  The ghost of Eryq Zial the Brawler, a journeyman TrMo of Cheibriados (Lair:3)
  2 broodmothers
  A very ugly thing (D:15)
  Azrael (Spider:2)
  3 entropy weavers
  3 spark wasps
  Fannar (D:10)
  Harold (Lair:2)
  5 ice dragons (IceCv)
  5 jorogumos
  6 boulder beetles
  2 ogre magi
  A radroach (Spider:3)
  A catoblepas (Lair:5)
  10 hydras
  Erica (D:8)
  3 centaur warriors
  10 two-headed ogres
  7 death scarabs (Spider:4)
  A death knight (D:13)
  12 death yaks
  2 tengu warriors (D:14)
  7 pharaoh ants
  7 orb spiders
  A goliath frog (Swamp:1)
  A flayed ghost (D:9)
  5 steelbarb worms
  A deep troll (Lair:2)
  A spectral jorogumo (Spider:4)
  A wizard (D:15)
  An orange crystal statue (IceCv)
  17 wolf spiders
  13 ugly things
  7 cyclopes
  3 manticores
  7 moths of wrath
  4 elephants
  Maurice (D:11)
  7 black mambas
  3 gargoyles
  3 storm dragon simulacra (IceCv)
  16 cane toads
  6 torpor snails
  Maggie (Lair:2)
  12 komodo dragons
  An unseen horror (D:12)
  4 rime drakes
  11 demonic crawlers
  2 spectral redbacks (Spider:4)
  5 kobold demonologists
  6 polar bears (Lair:5)
  A merfolk (shapeshifter) (D:14)
  A queen bee (Spider:1)
  6 golden dragon simulacra (IceCv)
  15 meliai
  5 trolls
  2 spectral culicivoras (Spider:4)
  4 spectral jumping spiders (Spider:4)
  3 spectral tarantellas (Spider:4)
  16 tarantellas
  2 jumping spider zombies (Spider:4)
  7 hornets
  7 dream sheep
  2 tyrant leeches (Swamp:1)
  5 blink frogs (Lair:2)
  8 slime creatures
  2 culicivora zombies (Spider:4)
  17 culicivoras
  11 spriggans (Lair:5)
  Sigmund (D:6)
  23 jumping spiders
  7 wyverns
  3 fire elementals (Spider:2)
  51 yaks
  6 wraiths
  A basilisk (shapeshifter) (D:15)
  15 fire bats (D:9)
  A hog (Swamp:1)
  9 basilisks
  45 redbacks
  3 steam dragons
  8 vampire mosquitoes
  3 swamp worms (Swamp:1)
  13 orc warriors
  28 water moccasins
  2 hell hounds (Spider:2)
  A sky beast (D:7)
  3 ice dragon simulacra (IceCv)
  6 black bears
  8 boggarts (Lair:5)
  8 ogres
  55 wolves
  12 centaurs
  6 kobold brigands
  2 phantoms (D:5)
  13 bullfrogs
  2 gnoll sergeants
  5 necrophages
  4 scorpions
  6 wights
  A hornet simulacrum (D:15)
  25 killer bees
  3 howler monkeys
  6 lindwurm simulacra (IceCv)
  An electric eel (Lair:3)
  A lava snake (D:10)
  5 hounds
  2 jellies
  Crazy Yiuf (D:2)
  7 orc priests
  3 gnoll boudas
  Ijyb (D:3)
  4 iguanas
  8 orc wizards
  A boggart simulacrum (D:15)
  20 gnolls
  9 adders
  A white imp (D:8)
  An ufetubus (D:4)
  A worm (D:3)
  3 dart slugs
  38 orcs
  6 ball pythons
  11 endoplasms
  A giant cockroach (D:4)
  5 hobgoblins
  3 quokkas
  80 bats
  7 frilled lizards
  4 goblins
  17 kobolds
  3 rats
993 creatures vanquished.

Vanquished Creatures (collateral kills)
  2 emperor scorpions (Spider:4)
  A broodmother (Spider:4)
  A sun moth (Spider:3)
  An orb spider (Spider:4)
  A wolf spider (Spider:3)
  A moth of wrath (Spider:4)
  2 elephants (Lair:1)
  A demonic crawler (Spider:4)
  3 golden dragon simulacra (IceCv)
  A culicivora (Spider:2)
  A jumping spider (Spider:4)
  A vampire mosquito (Spider:4)
  2 orcs
18 creatures vanquished.

Vanquished Creatures (others)
  An orb spider (Spider:2)
  A culicivora (Spider:3)
  A hog (Swamp:1)
  A wight (D:8)
  An orc wizard (D:7)
  2 bushes (D:10)
  37 fungi
  83 plants
127 creatures vanquished.

Grand Total: 1138 creatures vanquished

Notes
Turn   | Place    | Note
-------+----------+-------------------------------------------
     0 | D:1      | Rrauwl the Hill Orc Berserker began the quest for the Orb.
     0 | D:1      | Reached XP level 1. HP: 19/19 MP: 1/1
    73 | D:1      | Gained mutation: You possess an exceptional clarity of
                  | mind. [potion of mutation]
    73 | D:1      | Gained mutation: You expend magic power (3 MP) to
                  | strengthen your wands. [potion of mutation]
   124 | D:1      | Reached XP level 2. HP: 24/27 MP: 2/2
   150 | D:1      | Found a faded altar of an unknown god.
   989 | D:2      | Found Pagi's Antique Armour Emporium.
  1035 | D:2      | Reached XP level 3. HP: 28/33 MP: 3/3
  1836 | D:2      | Found a runed translucent door.
  1837 | D:2      | Noticed Crazy Yiuf
  1871 | D:2      | Killed Crazy Yiuf
  1872 | D:2      | Reached XP level 4. HP: 40/41 MP: 2/4
  2075 | D:3      | Found a broken altar of Ashenzari.
  2076 | D:3      | Found an opulent altar of Gozag.
  2214 | D:3      | Found a shimmering blue altar of Sif Muna.
  2234 | D:3      | Noticed Ijyb
  2245 | D:3      | Killed Ijyb
  2246 | D:3      | Reached skill level 5 in Axes
  2546 | D:3      | Reached ** piety under Trog
  2683 | D:4      | Reached XP level 5. HP: 47/47 MP: 5/5
  2700 | D:4      | Reached skill level 5 in Fighting
  2708 | D:4      | Reached skill level 6 in Axes
  2708 | D:4      | Reached XP level 6. HP: 41/56 MP: 6/6
  3211 | D:4      | Identified a scroll of acquirement
  3211 | D:4      | Acquired the +2 pair of gloves of the Pleiades {-Cast rPois
                  | rN++ Regen+}
  3238 | D:4      | Reached skill level 5 in Armour
  3243 | D:4      | Reached skill level 7 in Axes
  3274 | D:4      | Reached XP level 7. HP: 61/61 MP: 7/7
  3374 | D:4      | Reached skill level 8 in Axes
  3677 | D:5      | Entered Level 5 of the Dungeon
  3711 | D:5      | Reached skill level 9 in Axes
  3771 | D:5      | Reached skill level 10 in Axes
  3771 | D:5      | Reached XP level 8. HP: 67/68 MP: 8/8
  3852 | D:5      | Reached *** piety under Trog
  3940 | D:5      | Reached skill level 11 in Axes
  4318 | D:6      | Found a staircase to the Ecumenical Temple.
  4328 | D:6      | Reached skill level 12 in Axes
  4336 | Temple   | Entered the Ecumenical Temple
  4671 | D:6      | Noticed Sigmund
  4679 | D:6      | Killed Sigmund
  4767 | D:6      | Reached skill level 13 in Axes
  4767 | D:6      | Reached XP level 9. HP: 65/74 MP: 9/9
  5320 | D:7      | Reached skill level 14 in Axes
  5806 | D:8      | Reached **** piety under Trog
  6067 | D:8      | Noticed Erica
  6076 | D:8      | Killed Erica
  6077 | D:8      | Reached XP level 10. HP: 74/81 MP: 10/10
  6134 | D:8      | Paralysed by a hornet for 1 turns
  6146 | D:8      | Reached skill level 10 in Armour
  6227 | D:8      | Reached skill level 1 in Evocations
  6570 | D:8      | Found a glowing silver altar of Zin.
  7075 | D:9      | Found a shadowy altar of Dithmenos.
  7228 | D:9      | Found a shimmering altar of Xom.
  7345 | D:9      | Reached skill level 15 in Axes
  7357 | D:9      | Reached ***** piety under Trog
  7372 | D:9      | Found a runed translucent door.
  7418 | D:9      | Reached XP level 11. HP: 91/93 MP: 11/11
  7435 | D:9      | Found a shimmering altar of Xom.
  7462 | D:9      | Found a sacrificial altar of Ru.
  7508 | D:9      | Reached skill level 5 in Evocations
  7522 | D:9      | Found a glowing silver altar of Zin.
  7532 | D:9      | Received a gift from Trog
  7550 | D:9      | Found an ancient bone altar of Kikubaaqudgha.
  7715 | D:9      | Found a burning altar of Makhleb.
  7807 | D:9      | Found an ornate altar of the Wu Jian Council.
  8063 | D:9      | Noticed a flayed ghost
  8112 | D:9      | Killed a flayed ghost
  8162 | D:10     | Entered Level 10 of the Dungeon
  8266 | D:10     | Reached skill level 16 in Axes
  8276 | D:10     | Received a gift from Trog
  8283 | D:10     | Found a staircase to the Lair.
  8461 | D:10     | Noticed Fannar
  8616 | D:10     | Killed Fannar
  8617 | D:10     | Reached XP level 12. HP: 95/106 MP: 12/12
  8683 | D:10     | Found Atofoy's General Store.
  8689 | D:10     | Bought a scroll of identify for 20 gold pieces
  8689 | D:10     | Bought a scroll of identify for 20 gold pieces
  8689 | D:10     | Bought a scroll of teleportation for 30 gold pieces
  8689 | D:10     | Bought a potion of might for 40 gold pieces
  8689 | D:10     | Bought a potion of invisibility for 80 gold pieces
  8739 | D:10     | Reached skill level 10 in Fighting
  8751 | D:10     | Found a hazy altar of Hepliaklqana.
  8751 | D:10     | Found a glowing golden altar of the Shining One.
  8872 | D:10     | Found an ancient bone altar of Kikubaaqudgha.
  8873 | D:10     | Found a sacrificial altar of Ru.
  8992 | D:10     | Noticed a two-headed ogre
  9008 | D:10     | Killed a two-headed ogre
  9213 | D:10     | Found a basalt altar of Yredelemnul.
  9406 | Lair:1   | Entered Level 1 of the Lair of Beasts
  9489 | Lair:1   | Reached skill level 17 in Axes
  9605 | Lair:1   | Reached skill level 18 in Axes
 10209 | Lair:1   | Reached skill level 19 in Axes
 10555 | Lair:2   | Noticed a six-headed hydra
 10570 | Lair:2   | Killed a four-headed hydra
 10591 | Lair:2   | Reached XP level 13. HP: 90/113 MP: 13/13
 10653 | Lair:2   | Reached skill level 20 in Axes
 10817 | Lair:2   | Received a gift from Trog
 10838 | Lair:2   | Noticed Harold
 10844 | Lair:2   | Noticed Maggie
 10856 | Lair:2   | Killed Harold
 10857 | Lair:2   | Reached skill level 21 in Axes
 10890 | Lair:2   | Killed Maggie
 10962 | Lair:2   | Reached skill level 22 in Axes
 10962 | Lair:2   | Reached XP level 14. HP: 124/124 MP: 14/14
 11377 | Lair:2   | Found a hole to the Spider Nest.
 11566 | Lair:3   | Found a transporter.
 11568 | Lair:3   | Noticed Eryq Zial's ghost (journeyman TrMo)
 11727 | Lair:3   | Reached skill level 23 in Axes
 11731 | Lair:3   | Received a gift from Trog
 11734 | Lair:3   | Found a staircase to the Swamp.
 11858 | Lair:3   | Found a transporter.
 12657 | Lair:3   | Killed Eryq Zial's ghost
 12956 | Lair:4   | Found a shadowy altar of Dithmenos.
 12963 | Lair:4   | Found a runed translucent door.
 12967 | Lair:4   | Found a viscous altar of Jiyva.
 12969 | Lair:4   | Found a staircase to the Slime Pits.
 13199 | Lair:4   | Reached skill level 24 in Axes
 13223 | Lair:4   | Reached skill level 1 in Shields
 13337 | Lair:4   | Reached XP level 15. HP: 114/132 MP: 15/15
 13648 | Lair:5   | Entered Level 5 of the Lair of Beasts
 13661 | Lair:5   | Reached skill level 5 in Shields
 14123 | Lair:5   | Received a gift from Trog
 14339 | Lair:5   | Found a burning altar of Makhleb.
 14431 | Lair:5   | Reached skill level 10 in Shields
 14485 | Lair:5   | Reached ****** piety under Trog
 15155 | D:11     | Noticed Maurice
 15157 | D:11     | Killed Maurice
 15299 | D:11     | Received a gift from Trog
 15976 | D:12     | Identified the ring "Ypink" {AC+4 Str+4}
 16599 | D:12     | Found a staircase to the Orcish Mines.
 16610 | D:12     | Reached XP level 16. HP: 125/139 MP: 16/16
 16691 | D:12     | Found Ecemuse's Weapon Shop.
 16699 | D:12     | Bought the +9 broad axe of Ancient Evil {flame, Fly rPois
                  | rF+} for 1087 gold pieces
 16799 | D:13     | Found a gate to the Vaults.
 17470 | D:14     | Identified the +2 ring mail of Weirdness {Rampage}
 17897 | D:14     | Reached skill level 15 in Shields
 18161 | D:15     | Entered Level 15 of the Dungeon
 18418 | D:15     | Found a frozen archway.
 18487 | IceCv    | Entered an ice cave
 18490 | IceCv    | Identified the +5 battleaxe of the Present {vorpal, rElec
                  | rPois Dex+3} (Trog gifted it to you in an ice cave)
 18490 | IceCv    | Received a gift from Trog
 18782 | IceCv    | Noticed a golden dragon
 18793 | IceCv    | Killed a golden dragon
 18839 | IceCv    | Identified the ring of Homunu {rPois rF+ MP+9}
 18845 | IceCv    | Identified the amulet of the King {rElec Regen+ Int+3
                  | Stlth+}
 18925 | IceCv    | Reached skill level 15 in Fighting
 19083 | D:15     | Found a staircase to the Depths.
 19646 | Spider:1 | Entered Level 1 of the Spider Nest
 19765 | Spider:1 | Noticed Jorgrun
 19768 | Spider:1 | Reached XP level 17. HP: 156/156 MP: 17/17
 19868 | Spider:1 | Killed Jorgrun
 20076 | Spider:1 | Received a gift from Trog
 20445 | Spider:2 | Noticed Arachne
 20459 | Spider:2 | Reached skill level 15 in Armour
 20463 | Spider:2 | Killed Arachne
 20558 | Spider:2 | Noticed Mlioglotl
 20575 | Spider:2 | Killed Mlioglotl
 20784 | Spider:2 | Noticed Azrael
 20793 | Spider:2 | Killed Azrael
 21137 | Spider:3 | Received a gift from Trog
 21886 | Spider:4 | Entered Level 4 of the Spider Nest
 21995 | Spider:4 | Received a gift from Trog
 21996 | Spider:4 | Reached XP level 18. HP: 125/163 MP: 18/18
 22207 | Spider:4 | Identified the +3 leather armour of Recklessness {Str+2
                  | Int+3}
 23201 | Spider:4 | Got a gossamer rune of Zot
 23421 | Swamp:1  | Entered Level 1 of the Swamp
 23514 | Swamp:1  | Noticed Kirke
 23563 | Swamp:1  | HP: 8/168 [ghoul (7)]
 23563 | Swamp:1  | Demolished by a ghoul

Illustrated notes

Levels and vault maps discovered:
D:1:      dpeg_arrival_round_c, layout_basic, hellmonk_ecumenical_altar_lost_god
D:2:      layout_loops_ring, serial_shops, nicolae_shop_overgrown_old_shop,
          uniq_crazy_yiuf_cottage
D:3:      layout_basic, mainiacjoe_overflow_divided_tiny, old_standard_altar,
          uniq_ijyb
D:4:      minmay_spotlight, layout_basic
D:5:      layout_basic
D:6:      layout_rooms, minmay_temple_entry_trees, uniq_sigmund
D:7:      layout_loops_ring, minmay_liquid_box
D:8:      layout_loops_ring, mainiacjoe_overflow_cross_hatched,
          minmay_joined_circles, uniq_erica
D:9:      due_megacathedral, layout_long_grid,
          nicolae_dithmenos_through_a_glass_darkly,
          mainiacjoe_overflow_surrounded_room
D:10:     layout_roguey, mainiacjoe_overflow_alcove_1,
          chequers_temple_overflow_statue_of_worship,
          nicolae_overflow_two_pavilions, minmay_lair_entry_grove, serial_shops,
          nicolae_square_shop, uniq_fannar
D:11:     layout_big_octagon, uniq_maurice
D:12:     layout_basic, kennysheep_orc_monster_closet_entryway, serial_curves,
          eino_curves_02, eino_curves_02, serial_shops,
          nicolae_shop_bloodbath_and_beyond
D:13:     layout_small_grid, david_vaults_2
D:14:     layout_roguey, nrook_mini_backslash
D:15:     grunt_enter_depths_giant_problem, layout_basic,
          portal_ice_cave_entry_ugly_swarm, st_stairs_4
Temple:   chequers_temple_sunken
Lair:1:   minmay_lair_venomous_thicket, layout_small_grid
Lair:2:   dreamdust_cave_troll, layout_chaotic_city, spider_nest_entry_webs,
          grunt_forest_large_clearings, grunt_megastairs_5, uniq_harold,
          uniq_maggie
Lair:3:   layout_cave_pods, swamp_mist_pool, gammafunk_ghost_arena
Lair:4:   nzn_winding_woodlands_three_and_one
          [nzn_winding_woodlands_5x15_sawtooth,
          nzn_winding_woodlands_5x15_jagged, nzn_winding_woodlands_5x15_crooked,
          nzn_winding_woodlands_center_lodge], layout_misc_corridors,
          slime_entry_2, basic_altar
Lair:5:   minmay_lair_end_enchanted_forest, layout_regular_city, basic_altar,
          nicolae_quartered_pool_impasse, kilobyte_rumbling_trees
Swamp:1:  layout_falls_marsh, serial_swamp_ruin, evilmike_swamp_ruin_rubble_2,
          evilmike_swamp_ruin_rubble_1, evilmike_swamp_ruin_house_2, uniq_kirke
Spider:1: layout_spider_delve, special_room [special_room_bee], uniq_jorgrun
Spider:2: layout_spider_delve, uniq_arachne, uniq_azrael, uniq_mlioglotl
Spider:3: layout_spider_delve
Spider:4: floodkiller_spider_rune_tomb, einodemon_crawler_minivault

Skill      XL: |  1  2  3  4  5  6  7  8  9 10 11 12 13 14 15 16 17 18 |
---------------+-------------------------------------------------------+-----
Fighting       | 4 5 7 9 10 11 12 15 16 | 16.4
Dodging        | 2 3 |  3.0
Armour         | 3 4 5 9 10 11 12 13 18 | 18.0
Axes           | 5 6 7 10 13 14 15 16 19 22 24 | 24.0
Evocations     | 4 6 8 |  8.5
Shields        | 3 13 15 16 | 16.1

Action                   |  1- 3 |  4- 6 |  7- 9 | 10-12 | 13-15 | 16-18 || total
-------------------------+-------+-------+-------+-------+-------+-------++-------
Melee: Hand axe          |    88 |       |       |  1264 |       |       ||  1352
       Quarterstaff      |       |   100 |   287 |    66 |       |       ||   453
       Punch             |       |       |       |    19 |       |       ||    19
       Executioner's axe |       |       |       |    21 |   617 |    21 ||   659
       Broad axe         |       |       |       |       |       |  1016 ||  1016
Throw: Dart              |       |     1 |       |       |       |       ||     1
       Throwing net      |       |       |       |       |     1 |       ||     1
Invok: Berserk           |       |       |     1 |       |     2 |    16 ||    19
       Brothers in Arms  |       |       |       |     1 |       |    10 ||    11
       Trog's Hand       |       |       |       |       |     1 |     7 ||     8
Evoke: Wand              |       |     1 |     1 |     1 |       |     5 ||     8
       Lightning rod     |       |       |       |     2 |     4 |       ||     6
  Use: Potion            |     6 |     1 |     6 |     9 |     6 |     6 ||    34
       Scroll            |     4 |     6 |       |     3 |     4 |     9 ||    26
 Stab: Invisible         |       |       |     1 |     2 |     4 |       ||     7
       Distracted        |       |       |       |     1 |       |       ||     1
       Held in net/web   |       |       |       |       |     1 |       ||     1
Armor: Animal skin       |     1 |       |       |       |       |       ||     1
       Ring mail         |    28 |    42 |    58 |       |       |       ||   128
       Skin              |    10 |       |       |    10 |       |       ||    20
       Chain mail        |       |       |    82 |   608 |   319 |    88 ||  1097
       Gold dragon scale |       |       |       |       |       |   604 ||   604
Dodge: Dodged            |    27 |    58 |   112 |   430 |   228 |   213 ||  1068
Block: Other             |    16 |    23 |    76 |   222 |   117 |     4 ||   458
       Reflection        |       |     1 |       |     4 |     4 |     5 ||    14
       Kite shield       |       |       |       |       |       |   631 ||   631
